Match 45820523
Unlisted

Match 45820523
End
Construct Barracks
Selects Heavy Weapons
Selects Heavy Weapons
Riflemen Squad
Riflemen Squad
Riflemen Squad
Construct Weapon Support Center
Mechanized Support Center
Selects Assault Carriers
Selects Exchangeable Parts
M3 Assault Carrier
M3 Assault Carrier
Improvised Armor
Construct Medical Station
M1919 Machine Gun Team
Designate Forward Repair Station
Selects M2HB .50cal Heavy Machine Gun
M1919 Machine Gun Team
Engineer Squad
M1919 Machine Gun Team
Construct Tank Depot
M4A1 Sherman Medium Tank
Bazooka Squad
Selects Towed M5 3-inch Anti-tank Gun
Towed M5 3-inch Anti-tank Gun
Selects Gallant Stand
Gallant Stand
Towed M5 3-inch Anti-tank Gun
M4A1 Sherman Medium Tank
M4A1 76mm Conversion
Gallant Stand
Rapid Repairs
Designate Forward Repair Station
Gallant Stand
M4A1(76) Sherman Medium Tank
Selects Bolstered Team Weapons
Designate Forward Repair Station
M4A1(76) Sherman Medium Tank
Gallant Stand
Designate Forward Repair Station
M4A1(76) Sherman Medium Tank
Gallant Stand
M4A1(76) Sherman Medium Tank
Engineer Squad
Gallant Stand
Riflemen Squad
Towed M5 3-inch Anti-tank Gun
Gallant Stand
M4A1(76) Sherman Medium Tank
Gallant Stand
Towed M5 3-inch Anti-tank Gun
Designate Forward Repair Station
Gallant Stand
M4A1(76) Sherman Medium Tank
M4A1(76) Sherman Medium Tank
Dr. Jekyll
PutPut-AusarTheVile
JEFG
Seocheon
0
0

Comments sign in to comment!

No comments posted yet!